 Dungeon Crawl Stone Soup version 0.31.0-12-g77e489cdc1 (webtiles) character file.

Game seed: 8063932751784729736

1948 Gadfly the Shooter (level 9, -2/49 HPs)
             Began as a Kobold Hunter on Feb 15, 2024.
             Was a Follower of Hepliaklqana.
             Slain by a killer bee (6 damage)
             ... on level 7 of the Dungeon.
             The game lasted 00:07:22 (6244 turns).

Gadfly the Shooter (Kobold Hunter)                  Turns: 6244, Time: 00:07:22

Health: -2/49      AC: 10    Str:  9    XL:     9   Next: 41%
Magic:  13/13      EV: 18    Int: 10    God:    Hepliaklqana [*.....]
Gold:   366        SH:  0    Dex: 22    Spells: 2/8 levels left

rFire   . . .        b - +4 quarterstaff (chaos)
rCold   . . .        (shield currently unavailable)
rNeg    . . .        c - +0 leather armour
rPois   .            i - +0 helmet
rElec   .            k - +0 cloak {Stlth+}
rCorr   .            d - +0 pair of gloves
SInv    .            (no boots)
Will    .....        (no amulet)
Stlth   ++++         f - +4 ring of protection
HPRegen 0.28/turn    n - ring of flight
MPRegen 0.13/turn

%: no passive effects
@: lethally poisoned (-2 -> -8), flying
A: reduced essence, small, no large weapons, nightstalker 3
a: Renounce Religion, Recall Ancestor, Ancestor Identity


You were on level 7 of the Dungeon.
You worshipped Hepliaklqana.
Hepliaklqana was aware of your devotion.
You visited 1 branch of the dungeon, and saw 7 of its levels.

You collected 366 gold pieces.

Inventory:

Hand Weapons
 a - a +0 shortbow
 b - a +4 quarterstaff of chaos (weapon)
 q - a +0 orcbow
Armour
 c - a +0 leather armour (worn)
 d - a +0 pair of gloves (worn)
 i - a +0 helmet (worn)
 k - a +0 cloak of stealth (worn)
Jewellery
 f - a +4 ring of protection (left hand)
 h - a ring of poison resistance
 m - a ring of fire
 n - a ring of flight (right hand)
Wands
 s - a wand of digging (7)
Scrolls
 e - 2 scrolls of vulnerability
 j - a scroll of poison
 l - a scroll of butterflies
 t - a scroll of fear
Potions
 g - 2 potions of curing
 o - a potion of lignification {unknown}
 p - a potion of resistance
 r - a potion of magic {unknown}


   Skills:
 * Level 6.1 Fighting
 + Level 7.7 Ranged Weapons
 * Level 6.5 Dodging
 - Level 1.3 Stealth
 * Level 6.4 Invocations
 + Level 6.0 Evocations


You had 2 spell levels left.
You knew the following spells:

 Your Spells              Type           Power      Damage    Failure   Level
a - Dimensional Bullseye  Hex/Tloc       0%         N/A       99%         4
b - Blink                 Tloc           0%         N/A       63%         2

Your spell library contained the following spells:

 Spells                   Type           Power      Damage    Failure   Level
 Necrotise                Necr           0%         1d4       47%         1
 Mercury Vapours          Alch/Air       0%         N/A       63%         2
 Mephitic Cloud           Conj/Alch/Air  0%         N/A       85%         3
 Tukima's Dance           Hex            0%         N/A       85%         3
 Vampiric Draining        Necr           0%         2d6       85%         3
 Volatile Blastmotes      Fire/Tloc      0%         2d10      85%         3
 Iskenderun's Mystic Bla  Conj/Tloc      0%         2d3       99%         4
 Manifold Assault         Tloc           0%         N/A       99%         4
 Martyr's Knell           Necr/Summ      0%         N/A       99%         4
 Passage of Golubria      Tloc           0%         N/A       99%         4
 Curse of Agony           Necr           0%         N/A       100%        5
 Freezing Cloud           Conj/Ice/Air   0%         6-21      100%        5


Dungeon Overview and Level Annotations

Branches:
Dungeon (7/15)             Temple (0/1) D:6

Altars:
Dithmenos
Hepliaklqana
Zin

Shops:
D:3 (


Innate Abilities, Weirdness & Mutations

Your life essence is reduced to manifest your ancestor. (-10% HP)
You are small and have problems with some larger weapons.
You are completely attuned to the shadows.


Message History

The killer bee is poisoned.
The killer bee is heavily wounded.
You feel very sick. The killer bee misses you. The killer bee stings you.
You are more poisoned.
The killer bee poisons you! The killer bee stings you!
* * * LOW HITPOINT WARNING * * *
You are more poisoned.
The killer bee poisons you!
Necuametl barely misses the killer bee.
The killer bee barely misses you. The killer bee completely misses you.
The killer bee stings you but does no damage.
Necuametl hits the killer bee.
You feel better.
You kill the killer bee!
The killer bee misses you. x2
The killer bee stings you but does no damage.
The killer bee completely misses you.
Necuametl hits the killer bee.
The killer bee completely misses you. The killer bee stings you.
* * * LOW HITPOINT WARNING * * *
The killer bee misses you.
Necuametl completely misses the killer bee.
You see here a killer bee corpse.
You barely miss the killer bee.
The killer bee is heavily wounded.
The killer bee closely misses you. x2; The killer bee misses you.
The killer bee barely misses you.
Necuametl closely misses the killer bee.
The killer bee completely misses you. The killer bee stings you.
* * * LOW HITPOINT WARNING * * *
You hit the killer bee. You burn the killer bee.
The killer bee is severely wounded.
The killer bee stings you.
* * * LOW HITPOINT WARNING * * *
The killer bee closely misses you. The killer bee misses you.
The killer bee stings you but does no damage.
Necuametl barely misses the killer bee.
The killer bee stings you.
* * * LOW HITPOINT WARNING * * *
You are lethally poisoned!
The killer bee poisons you! The killer bee stings you.
You die...

#######
#............#
#.
#............#
#.
#............#
#.
#............#
##
#..........>.#
#............#
#...........##
#...R.......#
#.@y.########
#..y.#
#.......
#.....$.
#.......


You could see the friendly Necuametl the ancestor and 2 killer bees.

Vanquished Creatures
  Sigmund (D:3)
  2 water moccasins
  A black bear (D:6)
  An ogre (D:5)
  A centaur (D:7)
  A phantom (D:6)
  Blork the orc (D:4)
  A kobold brigand (D:6)
  2 scorpions (D:5)
  2 killer bees (D:7)
  A howler monkey (D:3)
  3 bombardier beetles
  An orc priest (D:3)
  Crazy Yiuf (D:3)
  A hound (D:6)
  Natasha (D:3)
  3 sleepcaps
  Jessica (D:3)
  6 iguanas
  An orc wizard (D:7)
  4 gnolls
  5 adders
  4 ufetubi (D:5)
  3 dart slugs
  3 ribbon worms
  9 orcs
  5 ball pythons
  2 bats
  6 endoplasms
  2 giant cockroaches
  5 goblins
  2 hobgoblins
  3 jackals (D:3)
  3 quokkas
  A frilled lizard (D:1)
  10 kobolds
  2 rats
101 creatures vanquished.

Vanquished Creatures (collateral kills)
  An ice beast (D:7)
  A killer bee (D:7)
  A howler monkey (D:6)
  A gnoll (D:7)
4 creatures vanquished.

Grand Total: 105 creatures vanquished

Notes
Turn   | Place    | Note
-------+----------+-------------------------------------------
     0 | D:1      | Gadfly the Kobold Hunter began the quest for the Orb.
     0 | D:1      | Reached XP level 1. HP: 12/12 MP: 1/1
    91 | D:1      | Reached XP level 2. HP: 17/17 MP: 2/2
   293 | D:1      | Reached skill level 1 in Evocations
   334 | D:1      | Reached skill level 1 in Invocations
   573 | D:2      | Reached XP level 3. HP: 14/22 MP: 3/3
   698 | D:2      | Found a faded altar of an unknown god.
  1182 | D:3      | Reached XP level 4. HP: 27/27 MP: 5/5
  1193 | D:3      | Found Baebb's Weapon Emporium.
  1324 | D:3      | Noticed Sigmund
  1328 | D:3      | Noticed Jessica
  1332 | D:3      | Killed Jessica
  1333 | D:3      | Reached XP level 5. HP: 24/32 MP: 6/6
  1351 | D:3      | HP: 1/32 [something (3)]
  1357 | D:3      | Killed Sigmund
  1358 | D:3      | Reached skill level 6 in Ranged Weapons
  1358 | D:3      | Reached XP level 6. HP: 3/37 MP: 6/8
  1518 | D:3      | Noticed Natasha
  1521 | D:3      | Killed Natasha
  1712 | D:3      | Found a runed translucent door.
  1715 | D:3      | Noticed Crazy Yiuf
  1830 | D:3      | Reached XP level 7. HP: 9/41 MP: 9/9
  2182 | D:3      | Killed Crazy Yiuf
  2921 | D:4      | Noticed Blork the orc
  2929 | D:4      | Killed Blork the orc
  3156 | D:4      | Found a hazy altar of Hepliaklqana.
  3156 | D:4      | Found a shadowy altar of Dithmenos.
  3156 | D:4      | Noticed a shadow
  3623 | D:4      | Became a worshipper of Hepliaklqana the Forgotten
  3725 | D:5      | Entered Level 5 of the Dungeon
  3758 | D:5      | Found a glowing silver altar of Zin.
  3758 | D:5      | Noticed an angel
  4040 | D:5      | Reached skill level 5 in Evocations
  4040 | D:5      | Reached XP level 8. HP: 48/48 MP: 11/11
  4211 | D:5      | Reached skill level 5 in Invocations
  4248 | D:5      | Reached skill level 7 in Ranged Weapons
  4579 | D:6      | Reached skill level 5 in Dodging
  4610 | D:6      | Reached skill level 5 in Fighting
  4990 | D:6      | Reached XP level 9. HP: 50/54 MP: 13/13
  5159 | D:6      | Found a staircase to the Ecumenical Temple.
  5162 | D:6      | Reached * piety under Hepliaklqana
  5690 | D:6      | Learned a level 4 spell: Dimensional Bullseye
  6118 | D:7      | Got the Omnibus of Location
  6134 | D:7      | Learned a level 2 spell: Blink
  6244 | D:7      | Slain by a killer bee

Illustrated notes

Levels and vault maps discovered:
D:1:      minmay_arrival_semitransparent, layout_rooms
D:2:      layout_rooms, ebering_ecumenical_altar_box
D:3:      layout_basic, serial_shops, nicolae_shop_competitors_out_of_business,
          uniq_crazy_yiuf_cottage, uniq_natasha, uniq_jessica, uniq_sigmund
D:4:      layout_gridville, riverfiend_overflow_shadow_ancestor,
          corexii_checkpoint, uniq_blork_the_orc
D:5:      layout_basic, zin_angel
D:6:      layout_cave_pods, minmay_temple_entry_from_below_b,
          minmay_misc_feat_x, minmay_crystal_room
D:7:      layout_basic, makhleb_heckhound_becter, serial_rivers,
          chequers_serial_rivers_room_b, chequers_serial_rivers_micro_c,
          chequers_serial_rivers_room_a, chequers_serial_rivers_micro_b

Skill      XL: |  1  2  3  4  5  6  7  8  9 |
---------------+----------------------------+-----
Evocations     | 1 2 3 5 6 |  6.0
Invocations    | 1 2 3 4 5 6 |  6.4
Fighting       | 3 4 5 6 |  6.1
Dodging        | 3 4 5 6 |  6.5
Ranged Weapons | 6 7 |  7.7
Stealth        | |  1.3

Action                     |  1- 3 |  4- 6 |  7- 9 || total
---------------------------+-------+-------+-------++-------
  Melee: Shortbow          |       |     5 |     5 ||    10
         Quarterstaff      |       |       |     3 ||     3
   Fire: Shortbow          |    62 |    87 |   314 ||   463
    Use: Scroll            |     5 |     1 |     6 ||    12
         Potion            |     1 |     2 |     1 ||     4
 Armour: Leather armour    |    10 |    47 |   145 ||   202
         Robe              |       |     6 |       ||     6
  Dodge: Dodged            |    15 |    49 |   280 ||   344
